 Dungeon Crawl Stone Soup version 0.25.1-8-g42b30a86e7 (webtiles) character file.

Game seed: 18114579051654018995

455 HarmlessCrawler the Covered (level 7, -10/44 HPs)
             Began as a Gargoyle Fighter on Dec 12, 2020.
             Was a Follower of Okawaru.
             Killed by divine providence
             ... invoked by an orc priest
              (15 damage)
             ... on level 4 of the Dungeon.
             The game lasted 00:23:46 (3817 turns).

HarmlessCrawler the Covered (Gargoyle Fighter)      Turns: 3817, Time: 00:23:47

Health: -10/44     AC: 15    Str: 22    XL:     7   Next: 5%
Magic:  7/7        EV:  7    Int:  8    God:    Okawaru [*.....]
Gold:   315        SH: 10    Dex:  9    Spells: 6/6 levels left

rFire    + + .     SeeInvis .   A - +3 hand axe
rCold    . . .     Gourm    .   c - +0 kite shield
rNeg     + . .     Faith    .   C - +1 scale mail {rF+}
rPois    ∞         Spirit   .   (no helmet)
rElec    +         Reflect  .   y - +0 cloak
rCorr    .         Harm     .   d - +0 pair of gloves
MR       .....                  (no boots)
Stlth    ..........             (no amulet)
HPRegen  0.14/turn              i - ring of protection from fire
MPRegen  0.10/turn              (no ring)

@: no status effects
A: negative energy resistance 1, electricity resistance, unbreathing,
petrification resistance, rot immunity, AC +4
a: Heroism, Renounce Religion


You were on level 4 of the Dungeon.
You worshipped Okawaru.
Okawaru was aware of your devotion.
You were near starving.

You visited 1 branch of the dungeon, and saw 7 of its levels.

You collected 315 gold pieces.

Inventory:

Hand Weapons
 l - a +2 dagger of flaming
 v - a +2 vorpal hunting sling
 A - a +3 hand axe (weapon)
Missiles
 a - 6 datura-tipped darts
 h - 83 stones (quivered)
 s - 18 poisoned darts
 z - 10 boomerangs
Armour
 c - a +0 kite shield (worn)
 d - a +0 pair of gloves (worn)
 y - a +0 cloak (worn)
 C - a +1 scale mail of fire resistance (worn)
 D - a +0 chain mail
Jewellery
 i - a ring of protection from fire (left hand)
Scrolls
 b - a scroll of amnesia {unknown}
 e - 2 scrolls of blinking {unknown}
 g - 2 scrolls of magic mapping {unknown}
 m - 2 scrolls of teleportation {unknown}
 n - 6 scrolls of identify {unknown}
 p - a scroll of immolation {unknown}
 q - 2 scrolls of fog {unknown}
 x - a scroll of random uselessness {unknown}
 B - a scroll of enchant armour {unknown}
Potions
 j - 2 potions of might
 k - a potion of berserk rage {unknown}
 o - 2 potions of flight {unknown}
 r - 2 potions of curing {unknown}
 t - a potion of lignification {unknown}
 u - a potion of mutation {unknown}
 w - a potion of heal wounds {unknown}
Comestibles
 f - 7 rations


   Skills:
 + Level 5.3 Fighting
   Level 3.1 Maces & Flails
 + Level 5.3 Armour
 + Level 5.2 Shields


You had 6 spell levels left.
You didn't know any spells.
Your spell library contained the following spells:

 Spells                   Type           Power        Failure   Level  Hunger
 Animate Skeleton         Necr           N/A          98%         1    ##.....
 Apportation              Tloc           #.....       98%         1    ##.....
 Corona                   Hex            #......      98%         1    ##.....
 Summon Small Mammal      Summ           #...         98%         1    ##.....


Dungeon Overview and Level Annotations

Branches:
Dungeon (7/15)
 Temple: D:4-7

Altars:
Elyvilon
Hepliaklqana
Makhleb
Okawaru
Uskayaw
Yredelemnul


Innate Abilities, Weirdness & Mutations

You are resistant to torment.
Your stone body is resilient. (AC +4)
You are immune to poison.
You resist negative energy. (rN+)
You are resistant to electric shocks. (rElec)
You can survive without breathing.
You are immune to petrification.
You are immune to rotting.


Message History

You hit the orc.
The orc is moderately wounded.
You hit the orc priest but do no damage.
You closely miss the orc. You block the orc's attack.
The orc priest hits you but does no damage.
You hit the orc priest but do no damage.
You hit the orc.
You kill the orc!
Okawaru accepts your kill.
The orc priest hits you but does no damage.
You hit the orc priest.
The orc priest is lightly wounded.
The orc priest hits you.
* * * LOW HITPOINT WARNING * * *
You block the orc priest's attack.
You slash the orc priest!
The orc priest is heavily wounded.
The orc priest mumbles some strange prayers to Beogh against you.
Beogh smites you!
You die...

#..#..#....#..##
#.##..#....#..#.
#.##..#[...#..##
##.^...#....####.
##.....)#........>
#...#####.........
#...##..###+#.....
#.)......# #....#
#@.......# #....#
#...o)#+###.##
#....# ######. #
#....# .. #....#
... #....+ ....
#....# #+###
#....# #....#
#######....'


You could see an orc priest.

Vanquished Creatures
  An ice beast (D:5)
  A hound (D:4)
  An orc priest (D:4)
  Crazy Yiuf (D:2)
  A centaur skeleton (D:4)
  A worker ant (D:3)
  A hound skeleton (D:3)
  3 gnolls (D:2)
  6 adders
  A shadow imp (D:5)
  An ooze (D:5)
  2 dart slugs
  A leopard gecko (D:4)
  27 orcs
  A ball python (D:2)
  A giant cockroach (D:1)
  8 goblins
  9 hobgoblins
  5 kobolds
  6 bats
  3 frilled lizards
  9 rats
90 creatures vanquished.

Notes
Turn   | Place    | Note
-------+----------+-------------------------------------------
     0 | D:1      | HarmlessCrawler the Gargoyle Fighter began the quest for
                  | the Orb.
     0 | D:1      | Reached XP level 1. HP: 14/14 MP: 1/1
   213 | D:1      | Reached XP level 2. HP: 19/19 MP: 2/2
   532 | D:1      | Reached XP level 3. HP: 23/23 MP: 3/3
   766 | D:2      | Reached XP level 4. HP: 20/29 MP: 4/4
  1004 | D:2      | Found an iron altar of Okawaru.
  1038 | D:2      | Found a basalt altar of Yredelemnul.
  1207 | D:2      | Found a runed translucent door.
  1208 | D:2      | Noticed Crazy Yiuf
  1505 | D:2      | Found a white marble altar of Elyvilon.
  1793 | D:2      | Found a hazy altar of Hepliaklqana.
  1910 | D:2      | Became a worshipper of Warmaster Okawaru
  1998 | D:2      | Killed Crazy Yiuf
  1998 | D:2      | Reached XP level 5. HP: 21/33 MP: 5/5
  2265 | D:3      | Found a burning altar of Makhleb.
  2660 | D:3      | Noticed a +0 hand axe
  2662 | D:3      | Found a hide-covered altar of Uskayaw.
  2662 | D:3      | Noticed a +0 dagger
  2798 | D:3      | Reached XP level 6. HP: 38/39 MP: 6/6
  3328 | D:4      | You fall into a shaft and drop 3 floors!
  3350 | D:6      | Noticed a sky beast
  3366 | D:5      | Entered Level 5 of the Dungeon
  3371 | D:5      | Noticed an ice beast
  3392 | D:5      | Killed an ice beast
  3392 | D:5      | Reached skill level 5 in Fighting
  3392 | D:5      | Reached skill level 5 in Armour
  3392 | D:5      | Reached skill level 5 in Shields
  3399 | D:5      | Reached * piety under Okawaru
  3808 | D:4      | Reached XP level 7. HP: 7/44 MP: 7/7
  3817 | D:4      | Killed from afar by an orc priest

Illustrated notes

Levels and vault maps discovered:
D:1:      nicolae_arrival_somewhat_less_tricky_arrival, layout_basic
D:2:      layout_loops_corners, elyvilon_altar_5, lemuel_round_altar,
          yredelemnul_altar_generic, kennysheep_okawaru_gauntlet,
          uniq_crazy_yiuf_cottage
D:3:      layout_loops_corners, dancing_weapons_uskayaw, lemuel_doored_altar,
          first_ration
D:4:      layout_gridville, minmay_misc_feat_tower, kennysheep_cluttered_room,
          grunt_ministairs_4
D:5:      layout_basic, overflow_temple_1_default, marbit_many_paths,
          nemelex_lonely_heart_becter
D:6:      layout_rooms, slow_altar_1, serial_shops,
          nicolae_shop_temple_entry_statues_fountains,
          chequers_decorated_corner, uniq_menkaure, uniq_pikel
D:7:      layout_cave_pools, lemuel_round_altar, nicolae_overflow_crystal_walls,
          minmay_temple_entry_proselytizer, the_bakery,
          kennysheep_generic_room_6

Skill      XL: |  1  2  3  4  5  6 |
---------------+-------------------+-----
Shields        | 4 5 |  5.2
Armour         | 4 5 |  5.3
Fighting       | 4 5 |  5.3
Maces & Flails | 3 |  3.1

Action                   |  1- 3 |  4- 6 |  7- 9 || total
-------------------------+-------+-------+-------++-------
Melee: Flail             |    51 |       |       ||    51
       Dagger            |    42 |    65 |       ||   107
       Hand axe          |       |   185 |     8 ||   193
Throw: Stone             |       |    12 |       ||    12
  Eat: Chunk             |       |     8 |       ||     8
Armor: Scale mail        |    45 |   131 |     4 ||   180
Dodge: Dodged            |    18 |    93 |     2 ||   113
Block: Kite shield       |    52 |   140 |     4 ||   196
